MLB
CHICAGO CUBS @ NEW YORK METS
09/03/2098
 
TOP OF THE 1ST
Chicago Cubs batting - Pitching for New York Mets : RHP Stephen Straka
Pitching: RHP Stephen Straka
Batting: RHB Armando Valenzuela 0-0: Foul Ball, location: 25F
0-1: Ground out 1-3 (Groundball, 23, EV 68.8 MPH)
Batting: LHB Nick Criswell 0-0: Called Strike
0-1: Ball
1-1: Ground out U3 (Groundball, 34, EV 90.6 MPH)
Batting: LHB Elijah Fairchild 0-0: Called Strike
0-1: Swinging Strike
0-2: Strikes out swinging
Top of the 1st over - 0 runs, 0 hits, 0 errors, 0 left on base; Chicago 0 - New York 0
BOTTOM OF THE 1ST
New York Mets batting - Pitching for Chicago Cubs : RHP Angel Alvarez
Pitching: RHP Angel Alvarez
Batting: RHB Jose de la Rosa 0-0: Ball
1-0: Ball
2-0: Fly out, F8 (Flyball, 8LXD, EV 103.1 MPH)
Batting: RHB Nate Morrison 0-0: Called Strike
0-1: Swinging Strike
0-2: Ball
1-2: Ground out U3 (Groundball, 13, EV 93.1 MPH)
Batting: RHB Jeff Hestermann 0-0: Ball
1-0: Ball
2-0: Ball
3-0: Called Strike
3-1: Foul Ball, location: 9LSF
3-2: Base on Balls
Batting: LHB Omar Gomez 0-0: Ball
1-0: Called Strike
1-1: Ball
2-1: Called Strike
2-2: Strikes out swinging
Bottom of the 1st over - 0 runs, 0 hits, 0 errors, 1 left on base; Chicago 0 - New York 0
TOP OF THE 2ND
Chicago Cubs batting - Pitching for New York Mets : RHP Stephen Straka
Batting: RHB Kevin Luzzo 0-0: Called Strike
0-1: Foul Ball, location: 2F
0-2: Ball
1-2: Foul Ball, location: 3F
1-2: Ball
2-2: Ball
3-2: Base on Balls
Batting: LHB Esteban Castro 0-0: Foul Ball, location: 2F
0-1: Ball
1-1: Fly out, F8 (Flyball, 8LM, EV 103.8 MPH)
Batting: LHB Israel Perez 0-0: Called Strike
Kevin Luzzo steals 2nd base
0-1: Called Strike
0-2: Ball
1-2: Ground out 1-3 (Groundball, 34S, EV 73.1 MPH)
Kevin Luzzo to third
Batting: RHB Jaylin Tillman 0-0: Called Strike
0-1: Swinging Strike
0-2: Ball
1-2: SINGLE (Groundball, 6D, EV 95.0 MPH)
Kevin Luzzo scores
Batting: RHB Nick Love 0-0: Called Strike
0-1: Ball
1-1: Ball
2-1: Foul Ball, location: 9LSF
2-2: Foul Ball, location: 3F
2-2: Fielders Choice at 2nd, 6-4 (Groundball, 4M, EV 83.8 MPH)
Top of the 2nd over - 1 run, 1 hit, 0 errors, 1 left on base; Chicago 1 - New York 0
BOTTOM OF THE 2ND
New York Mets batting - Pitching for Chicago Cubs : RHP Angel Alvarez
Batting: SHB Curt Tolley 0-0: Ball
1-0: Ground out 4-3 (Groundball, 4, EV 98.1 MPH)
Batting: LHB Mike Thompson 0-0: Ball
1-0: Foul Ball, location: 2F
1-1: Ball
2-1: Ground out 3-1 (Groundball, 34, EV 102.5 MPH)
Batting: RHB Marty Krpan 0-0: Called Strike
0-1: Ball
1-1: Foul Ball, location: 5FF
1-2: Ball
2-2: Strikes out swinging
Bottom of the 2nd over - 0 runs, 0 hits, 0 errors, 0 left on base; Chicago 1 - New York 0
TOP OF THE 3RD
Chicago Cubs batting - Pitching for New York Mets : RHP Stephen Straka
Batting: LHB Brent Griffin 0-0: Fly out, F4 (Line Drive, 4M, EV 69.4 MPH)
Batting: RHB Armando Valenzuela 0-0: Ground out 5-3 (Groundball, 15, EV 80.6 MPH)
Batting: LHB Nick Criswell 0-0: Called Strike
0-1: SINGLE (Groundball, 56D, EV 96.3 MPH)
Batting: LHB Elijah Fairchild 0-0: Foul Ball, location: 2F
0-1: Swinging Strike
0-2: Ball
1-2: Ground out 4-3 (Groundball, 4, EV 83.8 MPH)
Top of the 3rd over - 0 runs, 1 hit, 0 errors, 1 left on base; Chicago 1 - New York 0
BOTTOM OF THE 3RD
New York Mets batting - Pitching for Chicago Cubs : RHP Angel Alvarez
Batting: RHB Chris Sims 0-0: Called Strike
0-1: Ball
1-1: Ball
2-1: Fly out, F3 (Popup, 34, EV 72.5 MPH)
Batting: RHB Cesar Oropeza 0-0: Fly out, F9 (Flyball, 9D, EV 97.5 MPH)
Batting: RHB Jose de la Rosa 0-0: Ball
1-0: Foul Ball, location: 2F
1-1: Foul Ball, location: 5SF
1-2: Ball
2-2: Foul Ball, location: 2F
2-2: Ball
3-2: Fly out, F8 (Line Drive, 8LM, EV 95.6 MPH)
Bottom of the 3rd over - 0 runs, 0 hits, 0 errors, 0 left on base; Chicago 1 - New York 0
TOP OF THE 4TH
Chicago Cubs batting - Pitching for New York Mets : RHP Stephen Straka
Batting: RHB Kevin Luzzo 0-0: Ball
1-0: Called Strike
1-1: Foul Ball, location: 2F
1-2: Ground out 6-3 (Groundball, 6, EV 106.3 MPH)
Batting: LHB Esteban Castro 0-0: Called Strike
0-1: Swinging Strike
0-2: Strikes out swinging
Batting: LHB Israel Perez 0-0: SINGLE (Flyball, 8LS, EV 93.8 MPH)
Batting: RHB Jaylin Tillman 0-0: Ball
1-0: Called Strike
1-1: Ball
2-1: Called Strike
2-2: Ball
3-2: SINGLE (Line Drive, 7S, EV 100.0 MPH)
Israel Perez to second
Israel Perez to third
Batting: RHB Nick Love 0-0: Foul Ball, location: 2F
0-1: Called Strike
0-2: Ball
1-2: Foul Ball, location: 2F
1-2: Ball
2-2: Foul Ball, location: 2F
2-2: Foul Ball, location: 7LSF
2-2: SINGLE (Line Drive, 56, EV 101.3 MPH)
Israel Perez scores
Jaylin Tillman to second
Batting: LHB Brent Griffin 0-0: Called Strike
0-1: Ball
1-1: Ball
2-1: Foul Ball, location: 7LMF
2-2: Fly out, F8 (Flyball, 8LD, EV 91.3 MPH)
Top of the 4th over - 1 run, 3 hits, 0 errors, 2 left on base; Chicago 2 - New York 0
BOTTOM OF THE 4TH
New York Mets batting - Pitching for Chicago Cubs : RHP Angel Alvarez
Batting: RHB Nate Morrison 0-0: Swinging Strike
0-1: Ball
1-1: Ground out 5-3 (Groundball, 56, EV 100.0 MPH)
Batting: RHB Jeff Hestermann 0-0: Called Strike
0-1: Ball
1-1: Fly out, F4 (Popup, 4S, EV 67.5 MPH)
Batting: LHB Omar Gomez 0-0: Foul Ball, location: 2F
0-1: Fly out, F6 (Line Drive, 6, EV 65.6 MPH)
Bottom of the 4th over - 0 runs, 0 hits, 0 errors, 0 left on base; Chicago 2 - New York 0
TOP OF THE 5TH
Chicago Cubs batting - Pitching for New York Mets : RHP Stephen Straka
Batting: RHB Armando Valenzuela 0-0: Ball
1-0: Ball
2-0: Foul Ball, location: 2F
2-1: Ground out 6-3 (Groundball, 6D, EV 95.0 MPH)
Batting: LHB Nick Criswell 0-0: Called Strike
0-1: Foul Ball, location: 9LSF
0-2: Ball
1-2: Ground out 5-3 (Groundball, 56, EV 106.3 MPH)
Batting: LHB Elijah Fairchild 0-0: Ball
1-0: Swinging Strike
1-1: Foul Ball, location: 9LSFF
1-2: Foul Ball, location: 5F
1-2: Ball
2-2: Strikes out looking
Top of the 5th over - 0 runs, 0 hits, 0 errors, 0 left on base; Chicago 2 - New York 0
BOTTOM OF THE 5TH
New York Mets batting - Pitching for Chicago Cubs : RHP Angel Alvarez
Batting: SHB Curt Tolley 0-0: Called Strike
0-1: Ground out U3 (Groundball, 3, EV 80.0 MPH)
Batting: LHB Mike Thompson 0-0: Swinging Strike
0-1: Ball
1-1: Ball
2-1: SINGLE (Groundball, 6MD, EV 103.8 MPH)
Batting: RHB Marty Krpan 0-0: Foul Ball, location: 9LSF
0-1: Fly out, F3 (Popup, 3SF, EV 85.6 MPH)
Batting: RHB Chris Sims 0-0: Ground out 6-3 (Groundball, 6S, EV 84.4 MPH)
Bottom of the 5th over - 0 runs, 1 hit, 0 errors, 1 left on base; Chicago 2 - New York 0
TOP OF THE 6TH
Chicago Cubs batting - Pitching for New York Mets : RHP Stephen Straka
Batting: RHB Kevin Luzzo 0-0: Foul Ball, location: 23F
0-1: Fly out, F7 (Flyball, 7LMF, EV 83.8 MPH)
Batting: LHB Esteban Castro 0-0: Ball
1-0: Called Strike
1-1: Ball
2-1: Foul Ball, location: 2F
2-2: Foul Ball, location: 9LMF
2-2: Ball
3-2: Strikes out swinging
Batting: LHB Israel Perez 0-0: Foul Ball, location: 7LSF
0-1: Ball
1-1: Ball
2-1: Ball
3-1: Base on Balls
Batting: RHB Jaylin Tillman 0-0: Ball
1-0: Ball
2-0: Ball
3-0: Called Strike
3-1: Fly out, F5 (Popup, 56S, EV 73.1 MPH)
Top of the 6th over - 0 runs, 0 hits, 0 errors, 1 left on base; Chicago 2 - New York 0
BOTTOM OF THE 6TH
New York Mets batting - Pitching for Chicago Cubs : RHP Angel Alvarez
Batting: RHB Cesar Oropeza 0-0: Ball
1-0: Called Strike
1-1: Called Strike
1-2: Foul Ball, location: 9LMF
1-2: SINGLE (Flyball, 56D, EV 94.4 MPH)
Batting: RHB Jose de la Rosa 0-0: Called Strike
0-1: Foul Ball, location: 5SF
0-2: Foul Ball, location: 7LDF
0-2: Ball
1-2: Fly out, F8 (Flyball, 8RD, EV 87.5 MPH)
Pinch Hitting: RHB Jeremy Brant 0-0: Swinging Strike
0-1: Ball
1-1: Ball
2-1: Foul Ball, location: 3F
2-2: Foul Ball, location: 25FF
2-2: Foul Ball, location: 2F
2-2: SINGLE (Line Drive, 78S, EV 103.1 MPH)
Cesar Oropeza to second
Batting: RHB Jeff Hestermann 0-0: Called Strike
0-1: Foul Ball, location: 2F
0-2: Ball
1-2: Ball
2-2: Ball
3-2: Foul Ball, location: 23F
3-2: Fly out, F9 (Flyball, 9, EV 98.8 MPH)
Batting: LHB Omar Gomez 0-0: 3-RUN HOME RUN (Flyball, 9D, EV 95.6 MPH), Distance : 385 ft
Batting: SHB Curt Tolley 0-0: Ball
1-0: Swinging Strike
1-1: Foul Ball, location: 7LDF
1-2: Ball
2-2: Ball
3-2: Base on Balls
Batting: LHB Mike Thompson 0-0: Foul Ball, location: 5SF
0-1: Foul Ball, location: 9LMF
0-2: Ball
1-2: Ball
2-2: Ball
3-2: Strikes out swinging, 2-3 out at first.
Bottom of the 6th over - 3 runs, 3 hits, 0 errors, 1 left on base; Chicago 2 - New York 3
TOP OF THE 7TH
Chicago Cubs batting - Pitching for New York Mets : RHP Stephen Straka
Pitching: LHP Andy Anderson
Now at 3B: Erik Bazan
Batting: RHB Nick Love 0-0: Called Strike
0-1: Swinging Strike
0-2: Ball
1-2: Ball
2-2: Strikes out swinging
Pinch Hitting: RHB Jonathan Stooksberry 0-0: SINGLE (Groundball, 4MD, EV 101.3 MPH)
Batting: RHB Armando Valenzuela 0-0: Called Strike
0-1: Fielders Choice at 2nd, 4-6 (Groundball, 4M, EV 90.6 MPH)
Batting: LHB Nick Criswell 0-0: Called Strike
0-1: Called Strike
0-2: Ball
1-2: Ball
Armando Valenzuela steals 2nd base
2-2: Ball
3-2: Foul Ball, location: 7LMF
3-2: Strikes out looking
Top of the 7th over - 0 runs, 1 hit, 0 errors, 1 left on base; Chicago 2 - New York 3
BOTTOM OF THE 7TH
New York Mets batting - Pitching for Chicago Cubs : RHP Angel Alvarez
Now at SS: Dave Conley
Batting: RHB Marty Krpan 0-0: Ground out 5-3 (Groundball, 56, EV 84.4 MPH)
Batting: RHB Chris Sims 0-0: Foul Ball, location: 2F
0-1: Ball
1-1: DOUBLE (Line Drive, 5D, EV 95.6 MPH)
Batting: RHB Cesar Oropeza 0-0: Ball
1-0: Swinging Strike
1-1: Foul Ball, location: 9LSF
1-2: Strikes out swinging, 2-3 out at first.
Batting: RHB Jose de la Rosa 0-0: Intentional Walk
Pitching: RHP Ryan Ahlstrom
Batting: RHB Erik Bazan 0-0: Ball
1-0: Ball
2-0: Fielders Choice at 2nd, 6-4 (Groundball, 6, EV 78.1 MPH)
Bottom of the 7th over - 0 runs, 1 hit, 0 errors, 2 left on base; Chicago 2 - New York 3
TOP OF THE 8TH
Chicago Cubs batting - Pitching for New York Mets : LHP Andy Anderson
Batting: LHB Elijah Fairchild 0-0: Called Strike
0-1: Swinging Strike
0-2: Strikes out swinging
Batting: RHB Kevin Luzzo 0-0: Ball
1-0: SINGLE (Groundball, 4MD, EV 94.4 MPH)
Pinch Hitting: RHB Amir Shaw 0-0: Fly out, F8 (Line Drive, 8LM, EV 103.8 MPH)
Pinch Hitting: RHB Devin Williams 0-0: Called Strike
0-1: Ball
1-1: Foul Ball, location: 5SF
1-2: Foul Ball, location: 9LMF
1-2: Ball
2-2: Strikes out swinging
Top of the 8th over - 0 runs, 1 hit, 0 errors, 1 left on base; Chicago 2 - New York 3
BOTTOM OF THE 8TH
New York Mets batting - Pitching for Chicago Cubs : RHP Ryan Ahlstrom
Now at 1B: Amir Shaw
Now at 2B: Kyle Dellinger
Batting: RHB Jeff Hestermann 0-0: Called Strike
0-1: Ball
1-1: Foul Ball, location: 9LDF
1-2: Ball
2-2: Foul Ball, location: 5F
2-2: Ball
3-2: Fly out, F2 (Popup, 25F, EV 91.9 MPH)
Batting: LHB Omar Gomez 0-0: Ball
1-0: Swinging Strike
1-1: Called Strike
1-2: Foul Ball, location: 2F
1-2: Foul Ball, location: 2F
1-2: Strikes out swinging
Batting: SHB Curt Tolley 0-0: Ball
1-0: Foul Ball, location: 3F
1-1: Ball
2-1: SINGLE (Groundball, 3D, EV 110.0 MPH)
Batting: LHB Mike Thompson 0-0: Fly out, F8 (Flyball, 78M, EV 91.3 MPH)
Bottom of the 8th over - 0 runs, 1 hit, 0 errors, 1 left on base; Chicago 2 - New York 3
TOP OF THE 9TH
Chicago Cubs batting - Pitching for New York Mets : LHP Andy Anderson
Pitching: RHP Luis Manzano
Now at 1B: Jeff Hestermann
Now at 2B: Ben Keyser
Now in LF: Mark Lamb
Batting: RHB Jaylin Tillman 0-0: Foul Ball, location: 9LDF
0-1: Ball
1-1: Ground out 4-3 (Groundball, 4D, EV 105.0 MPH)
Batting: RHB Nick Love 0-0: Ball
1-0: Called Strike
1-1: Ball
2-1: Ball
3-1: Base on Balls
Batting: RHB Dave Conley 0-0: Foul Ball, location: 9LMFF
0-1: Ball
1-1: DOUBLE (Groundball, 5D, EV 102.5 MPH)
Nick Love to third
Runner from 3rd tries for Home, SAFE, throw by LF to home
Batting: RHB Armando Valenzuela 0-0: Ball
1-0: Called Strike
1-1: Fly out, F7 (Line Drive, 7LM, EV 100.6 MPH)
Batting: LHB Nick Criswell 0-0: Foul Ball, location: 2F
0-1: Called Strike
0-2: Ball
1-2: Strikes out swinging
Top of the 9th over - 1 run, 1 hit, 0 errors, 1 left on base; Chicago 3 - New York 3
BOTTOM OF THE 9TH
New York Mets batting - Pitching for Chicago Cubs : RHP Ryan Ahlstrom
Pinch Hitting: LHB David Thomas 0-0: Called Strike
0-1: Fly out, F8 (Line Drive, 8LS, EV 93.8 MPH)
Pinch Hitting: RHB Mike Sigal 0-0: Swinging Strike
0-1: Called Strike
0-2: Ball
1-2: Foul Ball, location: 9LDF
1-2: Fly out, F9 (Flyball, 89M, EV 83.8 MPH)
Pinch Hitting: RHB Ryan Taylor 0-0: Swinging Strike
0-1: Fly out, F9 (Flyball, 9LSF, EV 88.8 MPH)
Bottom of the 9th over - 0 runs, 0 hits, 0 errors, 0 left on base; Chicago 3 - New York 3
TOP OF THE 10TH
Chicago Cubs batting - Pitching for New York Mets : RHP Luis Manzano
Now at C: Andy Young
Now at SS: Ryan Taylor
Now in LF: David Thomas
Batting: LHB Elijah Fairchild 0-0: Called Strike
0-1: Ball
1-1: Fly out, F7 (Flyball, 7LM, EV 94.4 MPH)
Batting: RHB Kevin Luzzo 0-0: SINGLE (Line Drive, 5D, EV 96.3 MPH)
Batting: RHB Amir Shaw 0-0: Called Strike
0-1: Ball
Kevin Luzzo steals 2nd base
1-1: Foul Ball, location: 5F
1-2: Strikes out swinging
Batting: RHB Kyle Dellinger 0-0: Foul Ball, location: 3SF
0-1: Fly out, F5 (Line Drive, 5L, EV 65.6 MPH)
Top of the 10th over - 0 runs, 1 hit, 0 errors, 1 left on base; Chicago 3 - New York 3
BOTTOM OF THE 10TH
New York Mets batting - Pitching for Chicago Cubs : RHP Ryan Ahlstrom
Pitching: LHP Mario Gomez
Batting: RHB Jose de la Rosa 0-0: Ball
1-0: Called Strike
1-1: Foul Ball, location: 9LMF
1-2: Strikes out swinging
Batting: RHB Erik Bazan 0-0: Foul Ball, location: 2F
0-1: Ball
1-1: Foul Ball, location: 5F
1-2: Ball
2-2: Fly out, F9 (Line Drive, 9S, EV 105.0 MPH)
Batting: RHB Jeff Hestermann 0-0: Fly out, F9 (Line Drive, 9S, EV 94.4 MPH)
Bottom of the 10th over - 0 runs, 0 hits, 0 errors, 0 left on base; Chicago 3 - New York 3
TOP OF THE 11TH
Chicago Cubs batting - Pitching for New York Mets : RHP Luis Manzano
Batting: RHB Jaylin Tillman 0-0: Ball
1-0: Fly out, F4 (Flyball, 4D, EV 91.3 MPH)
Batting: RHB Nick Love 0-0: Ball
1-0: SINGLE (Line Drive, 9S, EV 91.3 MPH)
Batting: RHB Dave Conley 0-0: SINGLE (Groundball, 56, EV 96.9 MPH)
Nick Love to second
Pinch Runner at 2nd Stuart Thomas:
Batting: RHB Armando Valenzuela 0-0: Called Strike
0-1: Swinging Strike
0-2: Ball
1-2: Ball
2-2: Foul Ball, location: 9LMF
2-2: Ball
3-2: Fielders Choice at 2nd, 1-6 (Groundball, 13S, EV 66.3 MPH)
Stuart Thomas to third
Pitching: RHP Santiago Rodriguez
Batting: LHB Nick Criswell 0-0: Called Strike
0-1: Swinging Strike
0-2: Strikes out swinging
Top of the 11th over - 0 runs, 2 hits, 0 errors, 2 left on base; Chicago 3 - New York 3
BOTTOM OF THE 11TH
New York Mets batting - Pitching for Chicago Cubs : LHP Mario Gomez
Now at C: Jacob Duke
Batting: RHB Omar Munoz 0-0: Foul Ball, location: 25F
0-1: Ball
1-1: Swinging Strike
1-2: Fly out, F8 (Flyball, 78M, EV 95.0 MPH)
Batting: LHB Ben Keyser 0-0: Called Strike
0-1: Swinging Strike
0-2: Strikes out swinging
Pinch Hitting: RHB Frank Cambrelen 0-0: Ball
1-0: Called Strike
1-1: Ball
2-1: SINGLE (Line Drive, 4D, EV 64.4 MPH)
Batting: LHB David Thomas 0-0: Called Strike
0-1: Ball
1-1: Swinging Strike
1-2: Ball
2-2: Strikes out swinging
Bottom of the 11th over - 0 runs, 1 hit, 0 errors, 1 left on base; Chicago 3 - New York 3
TOP OF THE 12TH
Chicago Cubs batting - Pitching for New York Mets : RHP Santiago Rodriguez
Now in LF: Daniel Tellado
Now in RF: David Thomas
Batting: LHB Elijah Fairchild 0-0: Called Strike
0-1: Swinging Strike
0-2: Ball
1-2: Ball
2-2: Foul Ball, location: 3F
2-2: SOLO HOME RUN (Line Drive, 78XD, EV 105.0 MPH), Distance : 401 ft
Batting: RHB Kevin Luzzo 0-0: Foul Ball, location: 5F
0-1: Ball
1-1: Ground out 5-3 (Groundball, 5, EV 109.4 MPH)
Batting: RHB Amir Shaw 0-0: Ball
1-0: Ball
2-0: Foul Ball, location: 2F
2-1: Ground out 4-3 (Groundball, 4M, EV 103.1 MPH)
Batting: RHB Kyle Dellinger 0-0: Ball
1-0: Ball
2-0: Foul Ball, location: 5FF
2-1: DOUBLE (Line Drive, 78M, EV 95.0 MPH)
Batting: RHB Jaylin Tillman 0-0: Ground out 6-3 (Groundball, 6, EV 85.0 MPH)
Top of the 12th over - 1 run, 2 hits, 0 errors, 1 left on base; Chicago 4 - New York 3
BOTTOM OF THE 12TH
New York Mets batting - Pitching for Chicago Cubs : LHP Mario Gomez
Pitching: RHP Josh Ruhe
Batting: RHB Andy Young 0-0: Ball
1-0: Swinging Strike
1-1: Ball
2-1: Foul Ball, location: 3F
2-2: Ball
3-2: Strikes out swinging
Batting: RHB Ryan Taylor 0-0: Called Strike
0-1: Called Strike
0-2: Ground out 4-3 (Groundball, 4MD, EV 108.1 MPH)
Batting: RHB Jose de la Rosa 0-0: Called Strike
0-1: Ball
1-1: Fly out, F7 (Flyball, 78S, EV 90.6 MPH)
Bottom of the 12th over - 0 runs, 0 hits, 0 errors, 0 left on base; Chicago 4 - New York 3
Sunday, April 14th , 2024 - OOTP Baseball 24.11 Build 85